 Dungeon Crawl Stone Soup version 0.30-a0-743-gbfdf073431 (webtiles) character file.

Game seed: 15789163596773403864

5 DEFE the Vexing (level 1, -1/15 HPs)
             Began as a Demonspawn Wanderer on Feb 7, 2023.
             Slain by a jackal (3 damage)
             ... on level 1 of the Dungeon.
             The game lasted 00:00:16 (115 turns).

DEFE the Vexing (Demonspawn Wanderer)                Turns: 115, Time: 00:00:17

Health: -1/15      AC:  6    Str: 13    XL:     1   Next: 66%
Magic:  3/3        EV:  8    Int: 15    God:
Gold:   4          SH:  0    Dex:  9    Spells: 4/4 levels left

rFire   . . .      SeeInvis .    a - +0 club
rCold   . . .      Faith    .    (no shield)
rNeg    . . .      Spirit   .    c - +0 scale mail
rPois   .          Reflect  .    (no helmet)
rElec   .          Harm     .    (no cloak)
rCorr   .          Rampage  .    (no gloves)
Will    .....                    (no boots) Stlth
                                 (no amulet)
HPRegen 0.22/turn                (no ring)
MPRegen 0.08/turn                (no ring)

@: no status effects
A: no striking features
a: no special abilities


You were on level 1 of the Dungeon.
You visited 1 branch of the dungeon, and saw 1 of its levels.

You collected 4 gold pieces.

Inventory:

Hand Weapons
 a - a +0 club (weapon)
Armour
 c - a +0 scale mail (worn)
Scrolls
 b - a scroll of fog


   Skills:
 + Level 1.3 Fighting
 - Level 1.7 Armour
 - Level 2.0 Spellcasting
 - Level 5.0 Hexes
 - Level 1.0 Evocations


You had 4 spell levels left.
You didn't know any spells.
Your spell library contained the following spells:

 Spells                   Type           Power      Damage    Failure   Level
 Slow                     Hex            64%        N/A       13%         1
 Freeze                   Ice            4%         1d3       71%         1
 Summon Guardian Golem    Hex/Summ       9%         N/A       73%         3
 Ozocubu's Armour         Ice            1%         N/A       97%         3
 Leda's Liquefaction      Hex/Erth       4%         N/A       98%         4


Dungeon Overview and Level Annotations

Branches:
Dungeon (1/15)

Altars:


Message History

* * * LOW HITPOINT WARNING * * *
The jackal barely misses you.
Unknown command.
You hit the jackal but do no damage.
The jackal bites you but does no damage.
The jackal barely misses you.
Unknown command.
You barely miss the jackal. The jackal barely misses you.
You hit the jackal but do no damage. The jackal barely misses you.
The jackal closely misses you.
Unknown command.
You hit the jackal.
You kill the jackal!
The jackal barely misses you.
Your Fighting skill increases to level 1!
You hit the jackal but do no damage. The jackal barely misses you. x2
Unknown command.
You hit the jackal.
The jackal bites you but does no damage.
You hit the jackal but do no damage. The jackal closely misses you.
The jackal barely misses you.
Unknown command.
You barely miss the jackal. The jackal barely misses you.
The jackal bites you but does no damage.
Unknown command.
You barely miss the jackal. The jackal barely misses you.
The jackal bites you but does no damage.
You barely miss the jackal.
The jackal bites you but does no damage.
The jackal bites you.
* * * LOW HITPOINT WARNING * * *
You take 1 damage, and have 2/15 hp.
Unknown command.
You hit the jackal.
You kill the jackal!
Unknown command.
You barely miss the jackal.
The jackal bites you but does no damage.
The jackal bites you.
You die...

........####...#.####
...†....'............
##......####...#.#.#.
.#.....## #..##.#.#
.#....## #..##.#.# #
.#...## #..##.#.#.#
.+..## #.........#
.##.# #.......##
.##.# #####@### .#
#h# ## ....h...#
.....#### .... ... #.
#


You could see a jackal.

Vanquished Creatures
  A hobgoblin (D:1)
  3 jackals (D:1)
4 creatures vanquished.

Notes
Turn   | Place    | Note
-------+----------+-------------------------------------------
     0 | D:1      | DEFE the Demonspawn Wanderer began the quest for the Orb.
     0 | D:1      | DEFE set off with the following items: a +0 club, a scroll
                  | of fog, a +0 scale mail; and the following spells available
                  | to memorise: Slow, Freeze, Summon Guardian Golem, Ozocubu's
                  | Armour, Leda's Liquefaction.
     0 | D:1      | Reached XP level 1. HP: 13/13 MP: 3/3
   108 | D:1      | Reached skill level 1 in Fighting
   115 | D:1      | Slain by a jackal

Illustrated notes

Levels and vault maps discovered:
D:1:      doesnt_arrival_eight_statues, layout_loops_corners,
          basic_ecumenical_altar, chequers_mini_garden,
          chequers_serial_rivers_large_a, minmay_misc_feat_tower

Skill      XL: |  1 |
---------------+----+-----
Fighting       | 1 |  1.3
Armour         | |  1.7
Spellcasting   | |  2.0
Hexes          | |  5.0
Evocations     | |  1.0

Action                     || total
---------------------------++-------
  Melee: Club              ||    52
 Armour: Scale mail        ||    44
  Dodge: Dodged            ||    34

Table legend: (Time is in decaauts)
 A = Elapsed time spent in this place.
 B = Non-inter-level travel time spent in this place.
 C = Inter-level travel time spent in this place.
 D = Time resting spent in this place.
 E = Time spent auto-exploring this place.
 F = Levels seen in this place.
 G = Mean time per level.
                   A        B        C        D        E       F      G
               +--------+--------+--------+--------+--------+-----+--------+
         Total |    130 |    130 |      0 |     28 |     27 |   1 |  130.0 |
       Dungeon |    130 |    130 |      0 |     28 |     27 |   1 |  130.0 |
               +--------+--------+--------+--------+--------+-----+--------+

Top non-repeatable levels by time:
     D:1: 130 daAuts
